TOP OF THE 1ST |
Montgomery Biscuits batting - Pitching for Frisco RoughRiders : RHP Dan Landry
|
Pitching: RHP Dan Landry
|
|
Batting: RHB Nick Sharp
|
0-0: Called Strike 0-1: Called Strike 0-2: Hit by Pitch
|
Batting: RHB John Ham
|
0-0: Ball 1-0: Fielders Choice at 2nd, 5-4 (Groundball, 56S, EV 90.0 MPH)
|
Batting: LHB Kyle Schaible
|
0-0: Called Strike 0-1: Ball 1-1: Ball 2-1: Foul Ball, location: 2F 2-2: Strikes out swinging
|
Batting: LHB Robin More
|
0-0: Ball 1-0: Foul Ball, location: 2F 1-1: Fly out, F9 (Flyball, 9LD, EV 98.8 MPH)
|
Top of the 1st over - 0 runs, 0 hits, 0 errors, 1 left on base; Montgomery 0 - Frisco 0 |
BOTTOM OF THE 1ST |
Frisco RoughRiders batting - Pitching for Montgomery Biscuits : RHP Don Henley
|
Pitching: RHP Don Henley
|
|
Batting: LHB Tsunesuke Kato
|
0-0: Ball 1-0: Swinging Strike 1-1: Ball 2-1: Ball 3-1: Foul Ball, location: 2F 3-2: Ground out 3-1 (Groundball, 34, EV 81.9 MPH)
|
Batting: LHB Willie Calderon
|
0-0: Ball 1-0: Ball 2-0: Foul Ball, location: 2F 2-1: SINGLE (Groundball, 6MD, EV 96.9 MPH)
|
Batting: RHB Mario Soto
|
0-0: Called Strike Willie Calderon is caught stealing 2nd base 2-4 0-1: Called Strike 0-2: Ball 1-2: Ball 2-2: Ball 3-2: Ground out 5-3 (Groundball, 56, EV 79.4 MPH)
|
Bottom of the 1st over - 0 runs, 1 hit, 0 errors, 0 left on base; Montgomery 0 - Frisco 0 |
TOP OF THE 2ND |
Montgomery Biscuits batting - Pitching for Frisco RoughRiders : RHP Dan Landry
|
Batting: RHB Eugênio Asceno
|
0-0: Foul Ball, location: 2F 0-1: Called Strike 0-2: Ball 1-2: Ground out 4-3 (Groundball, 4, EV 90.6 MPH)
|
Batting: LHB Angel Ruvalcaba
|
0-0: Ball 1-0: Called Strike 1-1: Ball 2-1: Ball 3-1: SINGLE (Line Drive, 78S, EV 104.4 MPH)
|
Batting: RHB Estanislau Gosendes
|
0-0: Ball 1-0: Called Strike 1-1: Called Strike Angel Ruvalcaba steals 2nd base 1-2: Ground out 5-3 (Groundball, 56, EV 104.4 MPH)
|
Batting: RHB Ryan White
|
0-0: Ball 1-0: Ball 2-0: Called Strike 2-1: Foul Ball, location: 2F 2-2: Ground out 6-3 (Groundball, 6S, EV 90.0 MPH)
|
Top of the 2nd over - 0 runs, 1 hit, 0 errors, 1 left on base; Montgomery 0 - Frisco 0 |
BOTTOM OF THE 2ND |
Frisco RoughRiders batting - Pitching for Montgomery Biscuits : RHP Don Henley
|
Batting: LHB Alex de Jesus
|
0-0: Ball 1-0: Ball 2-0: Ball 3-0: Called Strike 3-1: Base on Balls
|
Batting: RHB Jason Swisher
|
0-0: Swinging Strike Alex de Jesus steals 2nd base (no throw) 0-1: Foul Ball, location: 2F 0-2: Strikes out swinging
|
Batting: RHB Salvador Caldera
|
0-0: Ball 1-0: Called Strike 1-1: Called Strike 1-2: SINGLE (Flyball, 3D, EV 94.4 MPH) Alex de Jesus to third Runner from 3rd tries for Home, SAFE, throw by RF to home
|
Batting: RHB Sal Espinosa
|
0-0: Called Strike 0-1: Ball 1-1: Called Strike 1-2: Foul Ball, location: 2F 1-2: Ball 2-2: Foul Ball, location: 2F 2-2: Fly out, F7 (Flyball, 7S, EV 78.8 MPH)
|
Batting: RHB Salamander Hed
|
0-0: Called Strike 0-1: Ball 1-1: Called Strike 1-2: Foul Ball, location: 2F 1-2: Strikes out swinging
|
Bottom of the 2nd over - 1 run, 1 hit, 0 errors, 1 left on base; Montgomery 0 - Frisco 1 |
TOP OF THE 3RD |
Montgomery Biscuits batting - Pitching for Frisco RoughRiders : RHP Dan Landry
|
Batting: SHB Willie Koviak
|
0-0: Ball 1-0: Called Strike 1-1: Foul Ball, location: 2F 1-2: SINGLE (Groundball, P, EV 81.2 MPH) (infield hit)
|
Batting: RHB Nick Sharp
|
0-0: Swinging Strike 0-1: Ball 1-1: Ball 2-1: Foul Ball, location: 2F 2-2: SINGLE (Flyball, 34D, EV 96.2 MPH) Willie Koviak to second
|
Batting: RHB John Ham
|
0-0: Ball 1-0: Ball 2-0: Foul Ball, location: 2F 2-1: Foul Ball, location: 2F 2-2: Fly out, F5 (Line Drive, 5, EV 65.6 MPH) Lined into DP, 5-4 (Line Drive, 5, EV 73.8 MPH)
|
Batting: LHB Kyle Schaible
|
0-0: Called Strike 0-1: Fly out, F4 (Popup, 4D, EV 51.9 MPH)
|
Top of the 3rd over - 0 runs, 2 hits, 0 errors, 1 left on base; Montgomery 0 - Frisco 1 |
BOTTOM OF THE 3RD |
Frisco RoughRiders batting - Pitching for Montgomery Biscuits : RHP Don Henley
|
Batting: RHB Frank Cano
|
0-0: Called Strike 0-1: Swinging Strike 0-2: Ball 1-2: Fly out, F8 (Flyball, 89D, EV 101.2 MPH)
|
Batting: LHB Tsunesuke Kato
|
0-0: Foul Ball, location: 2F 0-1: Ball 1-1: Swinging Strike 1-2: Ball 2-2: Fly out, F4 (Flyball, 34D, EV 90.0 MPH)
|
Batting: LHB Willie Calderon
|
0-0: Called Strike 0-1: Foul Ball, location: 2F 0-2: Ball 1-2: Foul Ball, location: 2F 1-2: Ball 2-2: Strikes out looking
|
Bottom of the 3rd over - 0 runs, 0 hits, 0 errors, 0 left on base; Montgomery 0 - Frisco 1 |
TOP OF THE 4TH |
Montgomery Biscuits batting - Pitching for Frisco RoughRiders : RHP Dan Landry
|
Batting: LHB Robin More
|
0-0: Called Strike 0-1: Ball 1-1: Ground out 6-3 (Groundball, 56, EV 98.8 MPH)
|
Batting: RHB Eugênio Asceno
|
0-0: Ball 1-0: Fly out, F9 (Flyball, 9S, EV 88.8 MPH)
|
Batting: LHB Angel Ruvalcaba
|
0-0: Ground out 4-3 (Groundball, 4, EV 90.6 MPH)
|
Top of the 4th over - 0 runs, 0 hits, 0 errors, 0 left on base; Montgomery 0 - Frisco 1 |
BOTTOM OF THE 4TH |
Frisco RoughRiders batting - Pitching for Montgomery Biscuits : RHP Don Henley
|
Batting: RHB Mario Soto
|
0-0: SINGLE (Groundball, 6D, EV 94.4 MPH)
|
Batting: LHB Alex de Jesus
|
0-0: Called Strike 0-1: Swinging Strike 0-2: Strikes out swinging
|
Batting: RHB Jason Swisher
|
0-0: Called Strike 0-1: Fly out, F5 (Popup, 5SF, EV 74.4 MPH)
|
Batting: RHB Salvador Caldera
|
0-0: Ball 1-0: Ground out U3 (Groundball, 3L, EV 77.5 MPH)
|
Bottom of the 4th over - 0 runs, 1 hit, 0 errors, 1 left on base; Montgomery 0 - Frisco 1 |
TOP OF THE 5TH |
Montgomery Biscuits batting - Pitching for Frisco RoughRiders : RHP Dan Landry
|
Batting: RHB Estanislau Gosendes
|
0-0: Ball 1-0: Called Strike 1-1: Foul Ball, location: 2F 1-2: Foul Ball, location: 2F 1-2: Foul Ball, location: 2F 1-2: Ground out 5-3 (Groundball, 56, EV 79.4 MPH)
|
Batting: RHB Ryan White
|
0-0: Ball 1-0: Ball 2-0: Called Strike 2-1: Fly out, F6 (Popup, 4MS, EV 76.2 MPH)
|
Batting: SHB Willie Koviak
|
0-0: Called Strike 0-1: Ground out 5-3 (Groundball, 56, EV 91.2 MPH)
|
Top of the 5th over - 0 runs, 0 hits, 0 errors, 0 left on base; Montgomery 0 - Frisco 1 |
BOTTOM OF THE 5TH |
Frisco RoughRiders batting - Pitching for Montgomery Biscuits : RHP Don Henley
|
Batting: RHB Sal Espinosa
|
0-0: Called Strike 0-1: Ball 1-1: SINGLE (Groundball, 56D, EV 106.9 MPH)
|
Batting: RHB Salamander Hed
|
0-0: Ball 1-0: Called Strike 1-1: Ball 2-1: Fly out, F8 (Flyball, 8RXD, EV 94.4 MPH)
|
Batting: RHB Frank Cano
|
Pickoff Throw to First - Out! 1-3 0-0: Ball 1-0: Foul Ball, location: 2F 1-1: Ball 2-1: Ground out 5-3 (Groundball, 5, EV 91.2 MPH)
|
Bottom of the 5th over - 0 runs, 1 hit, 0 errors, 0 left on base; Montgomery 0 - Frisco 1 |
TOP OF THE 6TH |
Montgomery Biscuits batting - Pitching for Frisco RoughRiders : RHP Dan Landry
|
Batting: RHB Nick Sharp
|
0-0: Ground out 6-3 (Groundball, 6, EV 83.1 MPH)
|
Batting: RHB John Ham
|
0-0: Ball 1-0: Foul Ball, location: 2F 1-1: Ball 2-1: Ball 3-1: DOUBLE (Line Drive, 7LM, EV 111.2 MPH)
|
Batting: LHB Kyle Schaible
|
0-0: Called Strike 0-1: Foul Ball, location: 2F 0-2: Ball 1-2: Ground out 4-3 (Groundball, 4, EV 86.2 MPH) John Ham to third
|
Batting: LHB Robin More
|
0-0: SINGLE (Line Drive, 78M, EV 94.4 MPH) John Ham scores
|
Batting: RHB Eugênio Asceno
|
0-0: Ball 1-0: Called Strike 1-1: Swinging Strike 1-2: Ball 2-2: Foul Ball, location: 2F 2-2: Foul Ball, location: 2F 2-2: SINGLE (Flyball, 8RS, EV 95.6 MPH) Robin More to second
|
Batting: LHB Angel Ruvalcaba
|
0-0: Ball 1-0: Called Strike 1-1: Foul Ball, location: 2F 1-2: Fielders Choice at 2nd, 6-4 (Groundball, 4M, EV 92.5 MPH)
|
Top of the 6th over - 1 run, 3 hits, 0 errors, 2 left on base; Montgomery 1 - Frisco 1 |
BOTTOM OF THE 6TH |
Frisco RoughRiders batting - Pitching for Montgomery Biscuits : RHP Don Henley
|
Batting: LHB Tsunesuke Kato
|
0-0: Called Strike 0-1: Fly out, F9 (Line Drive, 9D, EV 85.0 MPH)
|
Batting: LHB Willie Calderon
|
0-0: Ball 1-0: Swinging Strike 1-1: Ball 2-1: Ball 3-1: Foul Ball, location: 2F 3-2: Base on Balls
|
Batting: RHB Mario Soto
|
0-0: Ball 1-0: Grounds into double play, 5-4-3 (Groundball, 56, EV 88.8 MPH)
|
Bottom of the 6th over - 0 runs, 0 hits, 0 errors, 0 left on base; Montgomery 1 - Frisco 1 |
TOP OF THE 7TH |
Montgomery Biscuits batting - Pitching for Frisco RoughRiders : RHP Dan Landry
|
Batting: RHB Estanislau Gosendes
|
0-0: Ground out 5-3 (Groundball, 56, EV 100.6 MPH)
|
Batting: RHB Ryan White
|
0-0: Called Strike 0-1: Ground out 6-3 (Groundball, 6, EV 88.1 MPH)
|
Batting: SHB Willie Koviak
|
0-0: Foul Ball, location: 2F 0-1: Ground out 6-3 (Groundball, P, EV 85.6 MPH)
|
Top of the 7th over - 0 runs, 0 hits, 0 errors, 0 left on base; Montgomery 1 - Frisco 1 |
BOTTOM OF THE 7TH |
Frisco RoughRiders batting - Pitching for Montgomery Biscuits : RHP Don Henley
|
Batting: LHB Alex de Jesus
|
0-0: Ball 1-0: Swinging Strike 1-1: Foul Ball, location: 2F 1-2: Ground out U3 (Groundball, 3, EV 101.9 MPH)
|
Batting: RHB Jason Swisher
|
0-0: Ball 1-0: Ball 2-0: Called Strike 2-1: Swinging Strike 2-2: Foul Ball, location: 2F 2-2: Ball 3-2: SINGLE (Groundball, 56D, EV 102.5 MPH)
|
Batting: RHB Salvador Caldera
|
0-0: Fly out, F9 (Flyball, 9LS, EV 82.5 MPH)
|
Pinch Hitting: LHB Hyoji Toda
|
0-0: Foul Ball, location: 2F 0-1: Called Strike 0-2: Foul Ball, location: 2F 0-2: Strikes out looking
|
Bottom of the 7th over - 0 runs, 1 hit, 0 errors, 1 left on base; Montgomery 1 - Frisco 1 |
TOP OF THE 8TH |
Montgomery Biscuits batting - Pitching for Frisco RoughRiders : RHP Dan Landry
|
Now at 3B: Cássio Blemarcick
|
|
Batting: RHB Nick Sharp
|
0-0: Foul Ball, location: 2F 0-1: Fly out, F3 (Popup, 34S, EV 75.0 MPH)
|
Batting: RHB John Ham
|
0-0: Foul Ball, location: 2F 0-1: Ball 1-1: Foul Ball, location: 2F 1-2: Foul Ball, location: 2F 1-2: Ball 2-2: Fly out, F7 (Line Drive, 7D, EV 105.0 MPH)
|
Batting: LHB Kyle Schaible
|
0-0: SINGLE (Groundball, 34D, EV 95.6 MPH)
|
Pitching: LHP Bobby Dahlgren
|
|
Batting: LHB Robin More
|
0-0: Ball 1-0: Called Strike 1-1: Ball 2-1: Fly out, F6 (Popup, 6D, EV 46.2 MPH)
|
Top of the 8th over - 0 runs, 1 hit, 0 errors, 1 left on base; Montgomery 1 - Frisco 1 |
BOTTOM OF THE 8TH |
Frisco RoughRiders batting - Pitching for Montgomery Biscuits : RHP Don Henley
|
Batting: RHB Salamander Hed
|
0-0: Fly out, F8 (Flyball, 8LD, EV 104.4 MPH)
|
Pitching: RHP Eric Hudson
|
|
Batting: RHB Frank Cano
|
0-0: Foul Ball, location: 2F 0-1: Foul Ball, location: 2F 0-2: Ball 1-2: Strikes out swinging
|
Batting: LHB Tsunesuke Kato
|
0-0: Called Strike 0-1: Hit by Pitch
|
Batting: LHB Willie Calderon
|
0-0: Ball Tsunesuke Kato steals 2nd base 1-0: Swinging Strike 1-1: Foul Ball, location: 2F 1-2: Strikes out swinging
|
Bottom of the 8th over - 0 runs, 0 hits, 0 errors, 1 left on base; Montgomery 1 - Frisco 1 |
TOP OF THE 9TH |
Montgomery Biscuits batting - Pitching for Frisco RoughRiders : LHP Bobby Dahlgren
|
Pitching: RHP Ethan Massey
|
|
Batting: RHB Eugênio Asceno
|
0-0: Called Strike 0-1: DOUBLE (Line Drive, 89M, EV 112.5 MPH)
|
Batting: LHB Angel Ruvalcaba
|
0-0: Swinging Strike 0-1: Ball 1-1: Swinging Strike 1-2: Ball 2-2: Foul Ball, location: 2F 2-2: SINGLE (Line Drive, 7LS, EV 90.6 MPH) Eugênio Asceno to third Runner from 3rd tries for Home, throw by LF and OUT! 7-2 Angel Ruvalcaba to second
|
Batting: RHB Estanislau Gosendes
|
0-0: Intentional Walk
|
Pinch Hitting: RHB Sczlopy Hed
|
0-0: Sac Bunt to 25 - play at first, batter safe! Angel Ruvalcaba to third Estanislau Gosendes to second
|
Batting: SHB Willie Koviak
|
0-0: Foul Ball, location: 2F 0-1: Ball 1-1: Called Strike 1-2: Strikes out swinging
|
Batting: RHB Nick Sharp
|
0-0: Ball 1-0: Ball Wild Pitch! Angel Ruvalcaba scores Estanislau Gosendes to third Sczlopy Hed to second 2-0: Ball 3-0: Called Strike 3-1: Foul Ball, location: 2F 3-2: Foul Ball, location: 2F 3-2: Strikes out swinging
|
Top of the 9th over - 1 run, 3 hits, 0 errors, 2 left on base; Montgomery 2 - Frisco 1 |
BOTTOM OF THE 9TH |
Frisco RoughRiders batting - Pitching for Montgomery Biscuits : RHP Eric Hudson
|
Pitching: RHP Justin Stone
|
|
Now at SS: Rick Inman
|
|
Now in RF: Mario Sierra
|
|
Batting: RHB Mario Soto
|
0-0: Called Strike 0-1: SINGLE (Groundball, 56D, EV 103.1 MPH)
|
Batting: LHB Alex de Jesus
|
0-0: Ball 1-0: Foul Ball, location: 2F 1-1: Fielders Choice at 2nd, 3-6 (Groundball, 3, EV 85.0 MPH)
|
Batting: RHB Jason Swisher
|
0-0: Ball 1-0: Ball 2-0: Ball 3-0: Called Strike 3-1: Called Strike 3-2: Foul Ball, location: 2F 3-2: Fly out, F9 (Flyball, 9S, EV 90.0 MPH)
|
Batting: RHB Salvador Caldera
|
0-0: Foul Ball, location: 2F 0-1: Swinging Strike 0-2: Ball 1-2: Ball 2-2: Strikes out swinging
|
Bottom of the 9th over - 0 runs, 1 hit, 0 errors, 1 left on base; Montgomery 2 - Frisco 1 |
|